 Dungeon Crawl Stone Soup version 0.18.1-8-gdd0e5ea (webtiles) character file.

6484 M4edhros the Quickloader (level 11, -3/84 HPs)
             Began as a Formicid Hunter on June 4, 2016.
             Was an Elder of Dithmenos.
             Slain by a white ugly thing (27 damage)
             ... on level 10 of the Dungeon.
             The game lasted 00:13:59 (9871 turns).

M4edhros the Quickloader (Formicid Hunter)          Turns: 9871, Time: 00:14:00

Health: -3/84      AC:  4    Str: 18    XL:     11   Next: 19%
Magic:  11/11      EV: 20    Int: 12    God:    Dithmenos [****..]
Gold:   587        SH:  6    Dex: 23    Spells: 0 memorised, 10 levels left

rFire  + + .     SeeInvis +     K - +3 spear (venom)
rCold  . . .     Gourm    .     u - +1 ring mail "Ygi Hacomp" {*Corrode rN+ Regen+ Dex+4}
rNeg   + . .     Faith    .     v - +2 buckler
rPois  .         Spirit   .     (helmet unavailable)
rElec  .         Dismiss  .     (no cloak)
rCorr  +         Reflect  .     p - +1 pair of gloves
SustAt .         Harm     .     (no boots)
MR     +....                    (no amulet)
Stlth  +++++++...               D - ring of resist corrosion
                                j - ring of protection from fire

@: agile, corroded, wreathed by umbra, somewhat resistant to hostile
enchantments, extremely stealthy
A: permanent stasis, dig shafts and tunnels, four strong arms, antennae 3, claws
1, clever 1, fire resistance 1
a: Dig, Shaft Self, Shadow Step, Renounce Religion


You were on level 10 of the Dungeon.
You worshipped Dithmenos.
Dithmenos was greatly pleased with you.
You were hungry.

You visited 1 branch of the dungeon, and saw 10 of its levels.

You collected 587 gold pieces.

Inventory:

Hand Weapons
 a - a +1 hand crossbow
 F - a +0 halberd
 H - a +1 dagger of electrocution
 K - a +3 spear of venom (weapon)
Missiles
 d - 89 bolts
 w - 2 javelins (quivered)
Armour
 p - a +1 pair of gloves (worn)
 u - the +1 ring mail "Ygi Hacomp" (worn) {*Corrode rN+ Regen+ Dex+4}
   (You found it on level 4 of the Dungeon)

   It affects your dexterity (+4).
   It protects you from negative energy.
   It increases your rate of regeneration.
   It may corrode you when you take damage.
 v - a +2 buckler (worn)
Jewellery
 j - a ring of protection from fire (left hand)
 D - a ring of resist corrosion (right hand)
Wands
 b - a wand of iceblast (12/15)
 e - a wand of lightning (4/15)
 I - a wand of lightning (7/15)
 L - a wand of disintegration (12/24)
 M - a wand of paralysis (21/24)
 Q - a wand of slowing (16/48)
 T - a wand of random effects (31/48)
Scrolls
 h - 2 scrolls of enchant weapon {unknown}
 l - 5 scrolls of teleportation {unknown}
 n - 8 scrolls of remove curse
 o - 6 scrolls of fog {unknown}
 q - 6 scrolls of identify
 r - 2 scrolls of immolation {unknown}
 x - a scroll of silence {unknown}
 y - a scroll of random uselessness {unknown}
 B - 2 scrolls of blinking {unknown}
 G - a scroll of amnesia {unknown}
 J - a scroll of recharging {unknown}
 R - a scroll of fear {unknown}
 S - a scroll of magic mapping {unknown}
Potions
 i - 2 potions of agility
 z - a potion of degeneration {unknown}
 A - a potion of curing
 E - 2 potions of brilliance {unknown}
 N - 2 potions of might {unknown}
Books
 s - a Grand Grimoire

   Spells                             Type                      Level
   a - Monstrous Menagerie            Summoning                    7
   b - Summon Greater Demon           Summoning                    7
   c - Malign Gateway                 Summoning/Translocation      7
   d - Summon Horrible Things         Summoning                    8
 O - a book of the Sky

   Spells                             Type                      Level
   a - Summon Lightning Spire         Summoning/Air                4
   b - Airstrike                      Air                          4
   c - Silence                        Hexes/Air                    5
   d - Deflect Missiles               Charms/Air                   6
   e - Conjure Ball Lightning         Conjuration/Air              6
   f - Tornado                        Air                          9
 P - a book of Ice

   Spells                             Type                      Level
   a - Ice Form                       Ice/Transmutation            4
   b - Metabolic Englaciation         Hexes/Ice                    5
   c - Ozocubu's Refrigeration        Ice                          6
   d - Bolt of Cold                   Conjuration/Ice              6
   e - Freezing Cloud                 Conjuration/Ice/Air          6
   f - Simulacrum                     Ice/Necromancy               6
Comestibles
 c - a beef jerky
 f - 3 bread rations
 g - 4 meat rations
 k - 2 slices of pizza
 m - 2 royal jellies
 C - 3 fruits


   Skills:
 + Level 7.4 Fighting
 - Level 1.5 Short Blades
 * Level 8.7 Polearms
 - Level 9.7 Crossbows
 + Level 5.7 Dodging
 * Level 7.6 Stealth


You had 10 spell levels left.
You didn't know any spells.

Dungeon Overview and Level Annotations

Branches:
Dungeon (10/15)            Temple (0/1) D:5            Lair (0/8) D:8
    Orc (0/2) D:10

Altars:
Ashenzari
Cheibriados
Dithmenos
Kikubaaqudgha
Makhleb
Nemelex Xobeh
Okawaru
Ru
The Shining One

Shops:
D:7 }


Innate Abilities, Weirdness & Mutations

You are under a permanent stasis effect.
You can dig through walls and to a lower floor.
Your four strong arms can wield two-handed weapons with a shield.
You have a pair of large antennae on your head (SInv).
You have sharp fingernails.
Your mind is acute. (Int +2)
Your flesh is heat resistant.


Message History

Aim: a white ugly thing (moderately wounded, poisoned, umbra)
You barely miss the white ugly thing.
The white ugly thing is moderately wounded.
The white ugly thing gores you. The white ugly thing freezes you!!
* * * LOW HITPOINT WARNING * * *
A gnoll comes into view. It is wielding a halberd.
Attack whom?
Press: ? - help, Dir - move target cursor, f/p - white ugly thing
Aim: a white ugly thing (moderately wounded, poisoned, umbra)
Okay, then.
Drink which item? (? for menu, Esc to quit)
You feel much better.
The gnoll moves out of view.
The white ugly thing gores you. The white ugly thing freezes you!
Drink which item? (? for menu, Esc to quit)
You feel agile all of a sudden.
The quasit misses you. x2; The quasit barely misses you.
The white ugly thing gores you.
* * * LOW HITPOINT WARNING * * *
Your corrosive artefact corrodes you!
The white ugly thing freezes you!!
You die...

################
##.....#........#
#...............#
########...........†...#
.................##...##
.................######
....†............#
####.............#
...#.......#####@##
...#........# #u5#
...#........# ##.#
............# ###..
.......#....#.......
....(................
.........)..#.......##
............# ....g.#
####........# ......#


You could see a white ugly thing, a gnoll shaman (wandering) and a quasit.

Vanquished Creatures
  A cyclops (D:8)
  The ghost of daning the Slasher, a novice HESk (D:7)
  A komodo dragon (D:8)
  Grinder (D:3)
  2 wyverns
  5 yaks (D:9)
  A hippogriff (D:8)
  A water moccasin (D:5)
  A swamp drake (D:8)
  4 orc warriors
  A sky beast (D:6)
  A necrophage (D:10)
  A phantom (D:5)
  3 ice beasts
  7 ogres
  5 centaurs
  A crocodile (D:8)
  Blork the orc (D:6)
  2 giant frogs
  A gnoll sergeant (D:7)
  3 wights (D:6)
  2 crimson imps
  A giant frog skeleton (D:6)
  6 orc priests
  6 jellies
  6 hounds
  13 orc wizards
  6 iguanas
  4 worker ants
  A killer bee zombie (D:6)
  3 sheep (D:8)
  Robin (D:2)
  10 gnolls
  8 adders
  A shadow imp (D:4)
  A white imp (D:5)
  An ooze (D:7)
  An adder zombie (D:5)
  An adder skeleton (D:6)
  3 worms
  8 giant geckos
  50 orcs
  6 bats
  8 giant cockroaches
  13 goblins
  7 hobgoblins
  25 jackals
  2 kobolds
  9 quokkas
  2 ball pythons
  A ball python skeleton (D:5)
  A giant gecko skeleton (D:5)
  10 giant newts
  A goblin skeleton (D:5)
  2 goblin zombies (D:5)
  2 hobgoblin zombies (D:5)
  A jackal skeleton (D:9)
  A kobold zombie (D:5)
  An orc skeleton (D:5)
  An orc zombie (D:5)
  2 quokka zombies (D:5)
  5 rats
277 creatures vanquished.

Notes
Turn   | Place    | Note
--------------------------------------------------------------
     0 | D:1      | M4edhros the Formicid Hunter began the quest for the Orb.
     0 | D:1      | Reached XP level 1. HP: 16/16 MP: 1/1
   236 | D:1      | Reached XP level 2. HP: 22/22 MP: 2/2
   801 | D:2      | Reached XP level 3. HP: 27/27 MP: 3/3
   924 | D:2      | Reached skill level 5 in Crossbows
   929 | D:2      | Found an ancient bone altar of Kikubaaqudgha.
   930 | D:2      | Found a snail-covered altar of Cheibriados.
   931 | D:2      | Found a sparkling altar of Nemelex Xobeh.
   935 | D:2      | Found a glowing golden altar of the Shining One.
   938 | D:2      | Found a burning altar of Makhleb.
  1247 | D:3      | Reached XP level 4. HP: 32/33 MP: 4/4
  1335 | D:3      | Noticed Grinder
  1359 | D:3      | Killed Grinder
  1359 | D:3      | Reached skill level 7 in Crossbows
  1359 | D:3      | Reached XP level 5. HP: 19/38 MP: 5/5
  1359 | D:3      | Reached XP level 6. HP: 22/44 MP: 6/6
  1932 | D:4      | Found a sacrificial altar of Ru.
  2025 | D:4      | Reached XP level 7. HP: 45/50 MP: 7/7
  2113 | D:4      | Reached skill level 8 in Crossbows
  2702 | D:4      | Got a bronze ring mail
  2714 | D:4      | Identified the +1 ring mail "Ygi Hacomp" {*Corrode rN+ Regen+ Dex+4} (You found it on level 4 of the Dungeon)
  2942 | D:5      | Entered Level 5 of the Dungeon
  3225 | D:5      | Reached skill level 9 in Crossbows
  3310 | D:5      | Found a shadowy altar of Dithmenos.
  3313 | D:5      | Reached XP level 8. HP: 56/56 MP: 8/8
  3337 | D:5      | Became a worshipper of Dithmenos the Shadowed
  3871 | D:2      | Noticed Robin
  3936 | D:2      | Killed Robin
  4612 | D:5      | Found a glowing golden altar of the Shining One.
  4620 | D:5      | Reached * piety under Dithmenos
  4689 | D:5      | Reached skill level 1 in Polearms
  4751 | D:5      | Found a staircase to the Ecumenical Temple.
  5393 | D:6      | Reached ** piety under Dithmenos
  5505 | D:6      | Found an iron altar of Okawaru.
  5530 | D:6      | Reached XP level 9. HP: 34/64 MP: 9/9
  5600 | D:6      | Found a shattered altar of Ashenzari.
  5714 | D:6      | Reached skill level 5 in Polearms
  5987 | D:6      | Noticed Blork the orc
  6048 | D:6      | Killed Blork the orc
  6158 | D:6      | Gained mutation: Your mind is acute. (Int +2) [mutagenic meat]
  6159 | D:6      | Gained mutation: Your flesh is heat resistant. [mutagenic meat]
  6160 | D:6      | Gained mutation: You have sharp fingernails. [mutagenic meat]
  6424 | D:7      | Noticed daning's ghost (novice HESk)
  6434 | D:7      | Reached skill level 5 in Fighting
  6451 | D:7      | Killed daning's ghost
  6511 | D:7      | Found a sacrificial altar of Ru.
  6785 | D:7      | Reached *** piety under Dithmenos
  6952 | D:7      | Reached skill level 1 in Short Blades
  6952 | D:7      | Reached XP level 10. HP: 27/74 MP: 10/10
  7264 | D:7      | Found Arho's Gadget Emporium.
  7720 | D:8      | Noticed a komodo dragon
  7778 | D:8      | Killed a komodo dragon
  7953 | D:8      | Noticed a cyclops
  7963 | D:8      | Killed a cyclops
  7963 | D:8      | Reached skill level 5 in Dodging
  7963 | D:8      | Reached skill level 5 in Stealth
  8602 | D:8      | Found a staircase to the Lair.
  8806 | D:9      | Reached **** piety under Dithmenos
  9183 | D:9      | Reached XP level 11. HP: 83/84 MP: 11/11
  9711 | D:10     | Entered Level 10 of the Dungeon
  9734 | D:10     | Found a staircase to the Orcish Mines.
  9862 | D:10     | Noticed a white ugly thing
  9871 | D:10     | Slain by a white ugly thing

Skill      XL: |  1  2  3  4  5  6  7  8  9 10 11 |
---------------+----------------------------------+-----
Crossbows      | 5 7 9 |  9.7
Dodging        | 2 4 5 |  5.7
Polearms       | 3 6 8 |  8.7
Fighting       | 3 5 7 |  7.4
Stealth        | 2 6 7 |  7.6
Short Blades   | 1 |  1.5

Action                   |  1- 3 |  4- 6 |  7- 9 | 10-12 || total
-------------------------+-------+-------+-------+-------++-------
Melee: Spear             |       |       |   142 |   423 ||   565
       Trident           |       |       |   218 |       ||   218
       Dagger            |       |       |   131 |     5 ||   136
       Morningstar       |       |       |    29 |       ||    29
       Short sword       |       |       |    23 |       ||    23
 Fire: Hand crossbow     |    80 |    88 |   170 |       ||   338
  Use: Scroll            |     2 |     1 |     1 |       ||     4
       Potion            |       |     3 |     2 |     2 ||     7
 Stab: Sleeping          |       |       |     6 |    10 ||    16
       Distracted        |       |       |       |     1 ||     1
  Eat: Chunk             |       |     3 |    17 |     9 ||    29
       Beef jerky        |       |       |     1 |     1 ||     2
Armor: Leather armour    |    10 |       |       |       ||    10
       Scale mail        |     9 |    24 |     1 |       ||    34
       Ring mail         |       |       |   187 |    57 ||   244
Dodge: Dodged            |    28 |    37 |   418 |   187 ||   670
Block: Buckler           |       |       |    80 |    83 ||   163
